 Dungeon Crawl Stone Soup version 0.28-a0-1524-ge72afd5fc6 (webtiles) character file.

Game seed: 17380345790728475180

6236 HallandMoats the Grappler (level 10, -1/102 HPs)
             Began as a Troll Fighter on Jan 18, 2022.
             Was an Elder of Trog.
             Succumbed to a hornet's poison
             ... on level 9 of the Dungeon.
             The game lasted 00:11:20 (7409 turns).

HallandMoats the Grappler (Troll Fighter)           Turns: 7409, Time: 00:11:21

Health: -1/102     AC:  5    Str: 26    XL:     10   Next: 62%
Magic:  18/18      EV: 14    Int:  6    God:    Trog [****..]
Gold:   475        SH:  8    Dex: 11    Spells: 9/9 levels left

rFire   . . .      SeeInvis .     - Unarmed
rCold   . . .      Faith    .   b - +0 kite shield
rNeg    . . .      Spirit   .   a - +0 robe
rPois   .          Reflect  .   (helmet restricted)
rElec   .          Harm     .   d - +0 cloak
rCorr   .          Rampage  .   (gloves unavailable)
Will    .....                   (boots unavailable)
Stlth   +.........              (no amulet)
HPRegen 1.07/turn               e - +4 ring of evasion
MPRegen 0.16/turn               x - ring of magical power

@: lethally poisoned (-1 -> -15), slowed, very slow
A: large, unfitting armour, claws 3, regeneration 1, shaggy fur 1, tough skin 1
a: Renounce Religion, Berserk, Trog's Hand, Brothers in Arms


You were on level 9 of the Dungeon.
You worshipped Trog.
Trog was greatly pleased with you.
You visited 1 branch of the dungeon, and saw 9 of its levels.

You collected 475 gold pieces.

Inventory:

Hand Weapons
 D - a +2 whip of venom
Missiles
 r - 3 throwing nets (quivered)
 v - 2 large rocks
Armour
 a - a +0 robe (worn)
 b - a +0 kite shield (worn)
 d - a +0 cloak (worn)
Jewellery
 e - a +4 ring of evasion (left claw)
 x - a ring of magical power (right claw)
Wands
 l - a wand of digging (1)
Scrolls
 c - 3 scrolls of fear {unknown}
 f - 2 scrolls of vulnerability {unknown}
 h - 9 scrolls of identify {unknown}
 i - 3 scrolls of amnesia {unknown}
 m - 7 scrolls of teleportation {unknown}
 n - 2 scrolls of magic mapping {unknown}
 t - a scroll of blinking {unknown}
 u - 3 scrolls of fog {unknown}
 y - a scroll of silence {unknown}
 z - a scroll of holy word {unknown}
 A - 2 scrolls of enchant armour {unknown}
 B - a scroll of noise {unknown}
Potions
 g - 2 potions of heal wounds {unknown}
 j - 6 potions of curing {unknown}
 k - 5 potions of mutation {unknown}
 o - 2 potions of magic {unknown}
 p - 3 potions of haste
 q - 2 potions of flight {unknown}
 s - a potion of might
 w - a potion of attraction {unknown}
 C - a potion of resistance {unknown}


   Skills:
 * Level 7.2 Fighting
 * Level 5.0 Throwing
 + Level 4.6 Armour
 + Level 5.4 Dodging
 + Level 5.3 Shields
 * Level 8.3 Unarmed Combat


You had 9 spell levels left.
You didn't know any spells.
Your spell library was empty.

Dungeon Overview and Level Annotations

Branches:
Dungeon (9/15)             Temple (0/1) D:4             Orc (0/2) D:9
   Lair: D:8-11

Altars:
Ru
Trog
Beogh


Innate Abilities, Weirdness & Mutations

You are too large for most types of armour.
You have claws for hands.
Your natural rate of healing is unusually fast.
You are covered in fur. (AC +1)
You have tough skin. (AC +1)


Message History

Unknown command.
You scratch the hornet but do no damage.
The hornet is moderately wounded.
You feel sick. You block the hornet's attack. The hornet stings you!
You are more poisoned.
You feel as though you will be slow longer.
You block the hornet's attack.
You miss the hornet.
The hornet is moderately wounded.
You feel very sick. You block the hornet's attack. The hornet stings you.
You feel as though you will be slow longer.
Unknown command.
You mangle the hornet!!
The hornet is almost dead.
You feel very sick. The hornet stings you.
You suddenly lose the ability to move!
The hornet stings you!
You are more poisoned.
You shrug off the repeated paralysis!
You feel very sick.
The hornet stings you but does no damage.
You feel very sick. The hornet stings you!
* * * LOW HITPOINT WARNING * * *
You are more poisoned.
You feel as though you will be slow longer.
The hornet stings you.
* * * LOW HITPOINT WARNING * * *
You are lethally poisoned!
You feel as though you will be slow longer.
You can move again.
You mangle the hornet!!
You kill the hornet!
Trog accepts your kill.
* * * LOW HITPOINT WARNING * * *
You feel extremely sick.
Your Throwing skill increases to level 5!
Unknown command.
You die...

#.....# ..?....
####.....# .......
....+.....# .......
....#.....# .......
....#.....# .....>.
#...#.....#
.......##...#.....#
............#.....#
.......@....#.....#
.......##'###.....#
.......#..........#
.......#..........#
.......#..........#
.......#..........#
.......#..........#
########..........#
#..........#


There were no monsters in sight!

Vanquished Creatures
  Harold (D:7)
  A hornet (D:9)
  A troll (D:9)
  Grinder (D:3)
  Sigmund (D:4)
  A vampire (D:9)
  5 yaks (D:9)
  Menkaure (D:4)
  3 water moccasins
  5 orc warriors
  2 ice beasts
  A sky beast (D:6)
  A black bear (D:6)
  2 centaurs
  3 ogres
  A kobold brigand (D:9)
  Blork the orc (D:3)
  2 bullfrogs
  2 scorpions
  6 killer bees (D:8)
  5 wights (D:6)
  A bullfrog zombie (D:6)
  A jelly (D:6)
  A centaur zombie (D:3)
  3 hounds
  Crazy Yiuf (D:2)
  10 orc priests
  A centaur skeleton (D:7)
  2 gnoll shamans
  Ijyb (D:3)
  3 bullfrog skeletons
  Jessica (D:3)
  Natasha (twice) (D:3)
  3 iguanas
  9 orc wizards
  Terence (D:3)
  2 hound skeletons (D:4)
  8 adders
  16 gnolls
  A white imp (D:7)
  2 ufetubi
  A worm (D:4)
  4 dart slugs
  39 orcs
  5 ball pythons
  4 endoplasms
  5 giant cockroaches
  8 goblins
  8 hobgoblins
  3 jackals (D:3)
  9 kobolds
  3 quokkas
  5 bats
  2 frilled lizards
  4 rats
215 creatures vanquished.

Notes
Turn   | Place    | Note
-------+----------+-------------------------------------------
     0 | D:1      | HallandMoats the Troll Fighter began the quest for the Orb.
     0 | D:1      | Reached XP level 1. HP: 22/22 MP: 0/0
   176 | D:1      | Reached XP level 2. HP: 29/29 MP: 1/1
   263 | D:1      | Found a faded altar of an unknown god.
   312 | D:1      | Prayed at the altar of an unknown god.
   312 | D:1      | Became a worshipper of Trog the Wrathful
   312 | D:1      | Reached * piety under Trog
   673 | D:2      | Reached XP level 3. HP: 36/36 MP: 2/2
   905 | D:2      | Noticed a scorpion
   920 | D:2      | Killed a scorpion
   921 | D:2      | Reached skill level 1 in Armour
   921 | D:2      | Reached skill level 3 in Unarmed Combat
   921 | D:2      | Reached XP level 4. HP: 18/45 MP: 3/3
   984 | D:2      | Reached ** piety under Trog
  1062 | D:2      | Found a runed translucent door.
  1063 | D:2      | Noticed Crazy Yiuf
  1222 | D:2      | Killed Crazy Yiuf
  1223 | D:2      | Reached XP level 5. HP: 53/53 MP: 4/4
  1433 | D:3      | Noticed Grinder
  1434 | D:3      | Noticed Jessica
  1437 | D:3      | Paralysed by Grinder for 3 turns
  1442 | D:3      | Noticed Terence
  1445 | D:3      | Paralysed by Grinder for 2 turns
  1450 | D:3      | Killed Grinder
  1451 | D:3      | Reached XP level 6. HP: 19/62 MP: 5/5
  1454 | D:3      | Killed Jessica
  1455 | D:3      | Reached skill level 4 in Unarmed Combat
  1455 | D:3      | Killed Terence
  1566 | D:3      | Noticed Ijyb
  1579 | D:3      | Killed Ijyb
  1643 | D:3      | Noticed Natasha
  1651 | D:3      | Killed Natasha
  1810 | D:3      | Reached XP level 7. HP: 68/70 MP: 6/6
  1940 | D:3      | Found a sacrificial altar of Ru.
  2099 | D:3      | Noticed Natasha
  2108 | D:3      | Killed Natasha
  2108 | D:3      | Reached *** piety under Trog
  2148 | D:4      | Noticed Blork the orc
  2157 | D:3      | Killed Blork the orc
  2255 | D:4      | Reached skill level 5 in Unarmed Combat
  2318 | D:4      | Noticed Menkaure
  2326 | D:4      | Killed Menkaure
  2420 | D:4      | Found a staircase to the Ecumenical Temple.
  2427 | D:4      | Reached XP level 8. HP: 79/79 MP: 7/7
  2427 | D:4      | Noticed Sigmund
  2467 | D:4      | Killed Sigmund
  2602 | D:4      | Reached skill level 5 in Fighting
  2843 | D:5      | Entered Level 5 of the Dungeon
  3200 | D:5      | Reached skill level 6 in Unarmed Combat
  3933 | D:6      | Reached skill level 1 in Throwing
  3980 | D:6      | Reached XP level 9. HP: 50/89 MP: 8/8
  4021 | D:6      | Reached **** piety under Trog
  4908 | D:7      | Noticed Harold
  4931 | D:7      | Killed Harold
  4932 | D:7      | Reached skill level 7 in Unarmed Combat
  5886 | D:8      | Reached skill level 5 in Dodging
  5973 | D:8      | Reached XP level 10. HP: 94/100 MP: 9/9
  6610 | D:8      | Reached skill level 5 in Shields
  6777 | D:9      | Reached skill level 8 in Unarmed Combat
  7021 | D:9      | Found a staircase to the Orcish Mines.
  7405 | D:9      | Paralysed by a hornet for 3 turns
  7408 | D:9      | HP: 5/102 [poisoned by a hornet]
  7409 | D:9      | Reached skill level 5 in Throwing
  7409 | D:9      | Succumbed to a hornet's poison

Illustrated notes

Levels and vault maps discovered:
D:1:      dpeg_arrival_windows_large_door, layout_basic,
          chequers_ecumenical_altar_twisty
D:2:      layout_rooms, st_stairs_2, uniq_crazy_yiuf_cottage
D:3:      layout_rooms, mainiacjoe_overflow_boulevard, nrook_loot_triangle,
          kennysheep_doodads, nicolae_figureground_sparkle, uniq_ijyb,
          uniq_terence, uniq_grinder, uniq_natasha, uniq_jessica
D:4:      layout_loops_cross, minmay_temple_entry_mini_moons, uniq_menkaure,
          uniq_sigmund, uniq_blork_the_orc
D:5:      layout_basic, roderic_roman_lattice
D:6:      layout_basic
D:7:      layout_basic, uniq_harold
D:8:      layout_basic, serial_glass, glass_columns_b, glass_columns_a,
          enter_bailey_4, kennysheep_windowed_goal
D:9:      layout_gridville, minmay_orc_entry_temple_small

Skill      XL: |  1  2  3  4  5  6  7  8  9 10 |
---------------+-------------------------------+-----
Fighting       | 3 4 5 6 7 |  7.2
Armour         | 1 2 3 4 |  4.6
Unarmed Combat | 3 4 5 6 7 8 |  8.3
Dodging        | 3 4 5 |  5.4
Shields        | 3 4 5 |  5.3
Throwing       | 1 3 5 |  5.0

Action                   |  1- 3 |  4- 6 |  7- 9 | 10-12 || total
-------------------------+-------+-------+-------+-------++-------
Melee: Unarmed           |   102 |    73 |   414 |   180 ||   769
Throw: Large rock        |       |       |     7 |       ||     7
Invok: Berserk           |       |       |     3 |       ||     3
       Trog's Hand       |       |       |     3 |     4 ||     7
Evoke: Wand              |       |       |       |     1 ||     1
  Use: Potion            |       |     2 |       |       ||     2
 Stab: Sleeping          |       |     1 |       |       ||     1
Armor: Robe              |    38 |    21 |    75 |    36 ||   170
       Skin              |       |     3 |       |       ||     3
Dodge: Dodged            |    44 |    59 |   233 |   132 ||   468
Block: Kite shield       |    47 |    36 |   160 |    87 ||   330

Table legend: (Time is in decaauts)
 A = Elapsed time spent in this place.
 B = Non-inter-level travel time spent in this place.
 C = Inter-level travel time spent in this place.
 D = Time resting spent in this place.
 E = Time spent auto-exploring this place.
 F = Levels seen in this place.
 G = Mean time per level.
                   A        B        C        D        E       F      G
               +--------+--------+--------+--------+--------+-----+--------+
         Total |   7475 |   7031 |    444 |    162 |   5186 |   9 |  830.6 |
       Dungeon |   7475 |   7031 |    444 |    162 |   5186 |   9 |  830.6 |
               +--------+--------+--------+--------+--------+-----+--------+

Top non-repeatable levels by time:
     D:8: 1202 daAuts
     D:3: 873 daAuts
     D:5: 859 daAuts
     D:7: 855 daAuts
     D:6: 820 daAuts
     D:2: 814 daAuts
     D:9: 714 daAuts
     D:1: 691 daAuts
     D:4: 644 daAuts
